 Dungeon Crawl Stone Soup version 0.22.1-6-g1668fe2c40 (webtiles) character file.

670 Peloso the Covered (level 7, -2/61 HPs)
             Began as a Minotaur Fighter on Jan 25, 2019.
             Killed by divine providence
             ... invoked by an orc priest
              (13 damage)
             ... on level 4 of the Dungeon.
             The game lasted 00:08:01 (4200 turns).

Peloso the Covered (Minotaur Fighter)               Turns: 4200, Time: 00:08:02

Health: -2/61      AC: 10    Str: 21    XL:     7   Next: 32%
Magic:  6/6        EV:  6    Int:  5    God:
Gold:   213        SH: 10    Dex: 11    Spells: 6/6 levels left

rFire    . . .     SeeInvis .   j - -3 hand axe (curse)
rCold    . . .     Gourm    .   c - +0 shield
rNeg     + . .     Faith    .   k - +0 chain mail
rPois    .         Spirit   .   (helmet restricted)
rElec    .         Reflect  .   (no cloak)
rCorr    .         Harm     .   (no gloves)
MR       .....     Rnd*Tele +   (no boots)
Stlth    ..........             (no amulet)
HPRegen  0.20/turn              m - ring of teleportation (curse)
MPRegen  0.10/turn              e - ring of positive energy

@: no status effects
A: retaliatory headbutt, horns 2
a: no special abilities


You were on level 4 of the Dungeon.
You were not hungry.

You visited 1 branch of the dungeon, and saw 4 of its levels.

You collected 213 gold pieces.

Inventory:

Hand Weapons
 a - a +1 long sword
 j - a cursed -3 hand axe (weapon)
Armour
 b - a +0 scale mail
 c - a +0 shield (worn)
 k - a +0 chain mail (worn)
Jewellery
 e - a ring of positive energy (right hand)
 l - an uncursed ring of flight
 m - a cursed ring of teleportation (left hand)
Scrolls
 g - a scroll of fear
 i - a scroll of blinking
 o - 2 scrolls of magic mapping
Potions
 d - a potion of might
 p - a potion of mutation
 q - a potion of haste {unknown}
Comestibles
 f - 7 rations


   Skills:
 + Level 5.0 Fighting
 + Level 3.2 Long Blades
 + Level 3.5 Axes
 + Level 6.4 Armour
 + Level 1.2 Dodging
 + Level 6.4 Shields


You had 6 spell levels left.
You didn't know any spells.
Your spell library was empty.

Dungeon Overview and Level Annotations

Branches:
Dungeon (4/15)
 Temple: D:4-7

Altars:
Ashenzari


Innate Abilities, Weirdness & Mutations

You reflexively headbutt those who attack you in melee.
You have a pair of horns on your head.


Message History

You miss something. You headbutt something.
Reactivating autopickup.
You feel a bit more experienced.
The orc priest mumbles some strange prayers to Beogh against you.
Pain shoots through your body!
* * * LOW HITPOINT WARNING * * *
Unknown command.
You block the orc priest's attack.
Things that are here:
a dagger; a robe; 10 gold pieces Unknown command.
Your shield and chain mail prevent you from hitting the orc priest.
Your headbutt misses the orc priest. You block the orc priest's attack.
You hit the orc priest but do no damage.
You headbutt the orc priest.
The orc priest is moderately wounded.
The orc priest looks braver for a moment.
The orc priest invokes the aid of Beogh against you.
Beogh smites you!
You die...

#......'.........#
#.##.###..........
#.#...#.........##
####.#..##......#....
#<...#...............
######...#.#######...
#...#.#...# #.##
########.##.#...# #.#
#..).@o.....#...###.##
#.######....'.........
+. ######...#####. ##
....# #. ...# #. ...#
#. o..#####. o..##....
...##.##.


You could see an orc priest.

Vanquished Creatures
  2 phantoms
  A hound (D:4)
  2 orc priests (D:3)
  4 orc wizards
  Jessica (D:3)
  An iguana (D:4)
  5 worker ants (D:4)
  5 adders
  An ooze (D:3)
  4 worms
  2 dart slugs
  2 leopard geckos (D:3)
  7 orcs
  4 bats
  3 giant cockroaches
  6 goblins
  10 hobgoblins
  6 jackals
  A ball python (D:1)
  3 frilled lizards (D:1)
  7 kobolds
  4 rats
81 creatures vanquished.

Notes
Turn   | Place    | Note
-------+----------+-------------------------------------------
     0 | D:1      | Peloso the Minotaur Fighter began the quest for the Orb.
     0 | D:1      | Reached XP level 1. HP: 19/19 MP: 0/0
   167 | D:1      | Reached XP level 2. HP: 27/27 MP: 1/1
   808 | D:2      | Reached XP level 3. HP: 33/33 MP: 2/2
   989 | D:2      | HP: 1/33 [poisoned by an adder]
  1338 | D:2      | Reached XP level 4. HP: 40/40 MP: 3/3
  1872 | D:3      | Reached skill level 1 in Axes
  1999 | D:3      | Reached skill level 1 in Dodging
  1999 | D:3      | Reached XP level 5. HP: 16/46 MP: 4/4
  2343 | D:3      | Noticed a phantom
  2457 | D:3      | Killed a phantom
  2457 | D:3      | Reached skill level 5 in Shields
  2718 | D:3      | Found a shattered altar of Ashenzari.
  3006 | D:3      | Noticed Jessica
  3012 | D:3      | Killed Jessica
  3012 | D:3      | Reached skill level 5 in Armour
  3012 | D:3      | Reached XP level 6. HP: 51/53 MP: 5/5
  3810 | D:4      | Reached XP level 7. HP: 53/60 MP: 6/6
  3839 | D:4      | Reached skill level 5 in Fighting
  4191 | D:4      | HP: 3/61 [orc priest/divine providence (13)]
  4200 | D:4      | Killed from afar by an orc priest

Skill      XL: |  1  2  3  4  5  6  7 |
---------------+----------------------+-----
Fighting       | 4 5 |  5.0
Armour         | 4 5 6 |  6.4
Shields        | 4 5 6 |  6.4
Long Blades    | 3 |  3.2
Axes           | 1 2 3 |  3.5
Dodging        | 1 |  1.2

Action                   |  1- 3 |  4- 6 |  7- 9 || total
-------------------------+-------+-------+-------++-------
Melee: Long sword        |    54 |       |       ||    54
       Headbutt          |    13 |    43 |    14 ||    70
       Hand axe          |    68 |   238 |    47 ||   353
  Use: Scroll            |     4 |     6 |       ||    10
       Potion            |     1 |       |     2 ||     3
  Eat: Chunk             |     1 |     8 |     2 ||    11
Armor: Scale mail        |    25 |       |       ||    25
       Chain mail        |    35 |   110 |    31 ||   176
Dodge: Dodged            |    28 |    56 |    11 ||    95
Block: Shield            |    73 |   133 |    27 ||   233
       Rpst.: Long sword |     4 |       |       ||     4
